 Dungeon Crawl Stone Soup version 0.27.1-34-g3ba077fa99 (webtiles) character file.

Game seed: 1930828492684988792

209 riojii the Skirmisher (level 5, -4/42 HPs)
             Began as a Demonspawn Abyssal Knight on Jan 5, 2022.
             Was a Believer of Lugonu.
             Slain by a shadow (23 damage)
             ... on level 7 of the Dungeon.
             The game lasted 00:09:25 (2665 turns).

riojii the Skirmisher (Demonspawn Abyssal Knight)   Turns: 2665, Time: 00:09:26

Health: -4/42      AC: 11    Str: 13    XL:     5   Next: 55%
Magic:  6/6        EV: 10    Int: 14    God:    Lugonu [**....]
Gold:   161        SH:  0    Dex: 12    Spells: 4/4 levels left

rFire    . . .     SeeInvis .   k - +0 dagger (elec)
rCold    . . .     Faith    .   (no shield)
rNeg     . . .     Spirit   .   o - +0 chain mail
rPois    .         Reflect  .   (helmet restricted)
rElec    .         Harm     .   (no cloak)
rCorr    .         Rampage  .   (no gloves)
Will     .....                  (no boots)
Stlth    ..........             j - amulet of magic regeneration
HPRegen  0.14/turn              n - +4 ring of evasion
MPRegen  0.35/turn              (no ring)

@: no status effects
A: horns 2, yellow scales 1
a: Renounce Religion, Depart the Abyss, Bend Space


You were on level 7 of the Dungeon.
You worshipped Lugonu.
Lugonu was pleased with you.
You visited 1 branch of the dungeon, and saw 5 of its levels.
You visited the Abyss 1 time.

You collected 161 gold pieces.

Inventory:

Hand Weapons
 a - a +1 short sword
 d - a +0 short sword
 k - a +0 dagger of electrocution (weapon)
 u - a +2 antimagic dagger
Missiles
 q - 5 boomerangs
 s - 7 curare-tipped darts
Armour
 b - a +0 leather armour
 g - a +0 barding
 h - a +0 robe
 o - a +0 chain mail (worn)
 x - a +0 ring mail
Jewellery
 j - an amulet of magic regeneration (around neck)
 n - a +4 ring of evasion (left hand)
Wands
 w - a wand of paralysis (8)
Scrolls
 c - 2 scrolls of summoning {unknown}
 e - 3 scrolls of identify {unknown}
 i - a scroll of vulnerability {unknown}
 l - a scroll of enchant weapon {unknown}
 p - 4 scrolls of teleportation {unknown}
 r - a scroll of enchant armour {unknown}
 t - a scroll of blinking {unknown}
 v - 2 scrolls of fog {unknown}
 y - a scroll of immolation {unknown}
Potions
 f - a potion of lignification {unknown}
 m - 2 potions of brilliance {unknown}


   Skills:
 + Level 4.3 Fighting
 + Level 3.4 Short Blades
 + Level 2.9 Armour
 + Level 1.5 Dodging
 + Level 0.2 Stealth
 + Level 2.5 Invocations


You had 4 spell levels left.
You didn't know any spells.
Your spell library contained the following spells:

 Spells                   Type           Power      Damage    Failure   Level
 Static Discharge         Conj/Air       0%         N/A       100%        2
 Dispel Undead            Necr           0%         3d6       100%        4
 Sticky Flame             Conj/Fire      0%         2d3       100%        4


Dungeon Overview and Level Annotations

Branches:
Dungeon (4/15)
 Temple: D:4-7

Altars:
Ashenzari
Nemelex Xobeh
Sif Muna
Yredelemnul
Zin

Shops:
D:2 (!*

Portals:
Abyss: D:1***


Innate Abilities, Weirdness & Mutations

You have a pair of horns on your head.
You are partially covered in yellow scales. (AC +2)


Message History

A shadow and a skeleton come into view.
Press: ? - help, . - travel You can't see that place.
The centaur skeleton misses you.
The centaur skeleton kicks you but does no damage.
The centaur skeleton hits you.
The centaur skeleton kicks you but does no damage.
The centaur skeleton closely misses you. x2
The shadow slips into darkness.
The shadow flickers and vanishes!
Deactivating autopickup; reactivate with Ctrl-A.
You hit the centaur skeleton.
Lightning courses through the centaur skeleton!
The centaur skeleton is moderately damaged.
The centaur skeleton hits you but does no damage.
The centaur skeleton kicks you but does no damage.
You hit the centaur skeleton but do no damage.
The centaur skeleton is moderately damaged.
The centaur skeleton closely misses you.
The centaur skeleton kicks you but does no damage.
You hit the centaur skeleton.
Lightning courses through the centaur skeleton!!
You destroy the centaur skeleton!
Lugonu accepts your kill.
Okay, then.
The shadow strikes at you from the darkness!
Reactivating autopickup.
You hit the shadow but do no damage. The shadow hits you.
Space bends around you!
You blink.
The shadow hits you.
The shadow slips into darkness.
The shadow flickers and vanishes!
Deactivating autopickup; reactivate with Ctrl-A.
The shadow strikes at you from the darkness!
Reactivating autopickup.
The shadow slips into darkness.
The shadow flickers and vanishes!
Deactivating autopickup; reactivate with Ctrl-A.
The shadow strikes at you from the darkness!
Ouch! That really hurt!
You die...

#########
##########≈≈≈≈≈≈≈#
#....@...# ≈≈≈≈≈
##...###.##########
###. #..........###
#. ##########...#
#. ##### #. #. ..


There were no monsters in sight!

Vanquished Creatures
  An iguana (D:2)
  2 centaur skeletons
  4 adders
  3 gnolls (D:2)
  A worm (D:2)
  2 dart slugs
  3 ball pythons
  6 endoplasms
  A giant cockroach (D:2)
  7 goblins
  5 hobgoblins
  10 kobolds
  3 quokkas
  5 bats
  4 frilled lizards
  5 rats
62 creatures vanquished.

Vanquished Creatures (others)
  4 plants (D:4)
  3 withered plants (D:4)
7 creatures vanquished.

Grand Total: 69 creatures vanquished

Notes
Turn   | Place    | Note
-------+----------+-------------------------------------------
     0 | Abyss:1  | riojii the Demonspawn Abyssal Knight began the quest for
                  | the Orb.
     0 | Abyss:1  | Reached XP level 1. HP: 18/18 MP: 2/2
    84 | Abyss:1  | Noticed a spatial vortex
    84 | Abyss:1  | Noticed a spatial vortex
    85 | D:1      | Escaped the Abyss
   356 | D:1      | Reached * piety under Lugonu
   378 | D:1      | Reached skill level 1 in Dodging
   378 | D:1      | Gained mutation: You have a pair of small horns on your
                  | head. [demonic ancestry]
   378 | D:1      | Reached XP level 2. HP: 16/24 MP: 3/3
  1209 | D:2      | Reached XP level 3. HP: 29/29 MP: 4/4
  1403 | D:2      | Found Fidghely's Weapon Shoppe.
  1404 | D:2      | Found Kewoemp's Distillery.
  1421 | D:2      | Reached skill level 4 in Fighting
  1421 | D:2      | Gained mutation: You have a pair of horns on your head.
                  | [demonic ancestry]
  1421 | D:2      | Reached XP level 4. HP: 35/37 MP: 5/5
  1497 | D:2      | Found Ewont's Assorted Antiques.
  1712 | D:3      | Found a broken altar of Ashenzari.
  1861 | D:3      | Reached ** piety under Lugonu
  2080 | D:3      | Found a shimmering blue altar of Sif Muna.
  2089 | D:3      | Gained mutation: You are partially covered in yellow
                  | scales. (AC +2) [demonic ancestry]
  2089 | D:3      | Reached XP level 5. HP: 42/42 MP: 6/6
  2546 | D:4      | Found a basalt altar of Yredelemnul.
  2559 | D:4      | Found a sparkling altar of Nemelex Xobeh.
  2630 | D:4      | Identified the +10 mace of the Vestibule of Hell {freeze,
                  | Str+3 Int+4 Dex-4}
  2636 | D:4      | You fall into a shaft and drop 3 floors!
  2636 | D:7      | Noticed a shadow
  2665 | D:7      | Slain by a shadow

Illustrated notes

Levels and vault maps discovered:
D:1:      minmay_arrival_glassed_features, layout_basic, minmay_pentomino_r4
D:2:      layout_basic, serial_shops, nicolae_shop_crystal, nicolae_shop_stone,
          shop, feat_on_display
D:3:      layout_loops_ring, mainiacjoe_overflow_six_doors_small,
          evilmike_ruin_ashenzari, grunt_decor_one_mirror
D:4:      layout_rooms, grunt_temple_overflow_growth_and_decay,
          nemelex_diamond_rough_becter, vehumet_crystals,
          mainiacjoe_overflow_large_starburst, st_stairs_12,
          minmay_fractal_squares_diagonal_5
D:7:      layout_loops_ring, marbit_many_paths, okawaru_altar_gauntlet_db,
          minmay_temple_entry_sparse_star, serial_aquarium,
          aquarium_bridge_straight [aquarium_subvault_bridge,
          aquarium_subvault_balcony, aquarium_subvault_bridge,
          aquarium_subvault_window], aquarium_window_double, aquarium_window_1,
          aquarium_view_2a, aquarium_view_2c, aquarium_balcony_1b,
          aquarium_pool_corner, serial_shops, shop_statue, uniq_menkaure

Skill      XL: |  1  2  3  4 |
---------------+-------------+-----
Dodging        | 1 |  1.5
Short Blades   | 2 3 |  3.4
Armour         | 2 |  2.9
Fighting       | 4 |  4.3
Stealth        | |  0.2
Invocations    | |  2.5

Action                   |  1- 3 |  4- 6 || total
-------------------------+-------+-------++-------
Melee: Short sword       |    33 |       ||    33
       Dagger            |    56 |    87 ||   143
       Headbutt          |    11 |     8 ||    19
Invok: Depart the Abyss  |     1 |       ||     1
       Bend Space        |       |     1 ||     1
Armor: Leather armour    |    11 |       ||    11
       Chain mail        |    11 |    47 ||    58
Dodge: Dodged            |    42 |    44 ||    86
